[Event "Deloitte NK 2021"]
[Site "Hoogeveen, Netherlands"]
[Date "2021.10.20"]
[Round "7.1"]
[White "Janssen, Ruud"]
[Black "Lai, Hing Ting"]
[Result "1/2-1/2"]
[TimeControl "90min/40moves + 30min + 30sec/move"]
[WhiteElo "2534"]
[BlackElo "2439"]

1. c4 e6 2. Nc3 Bb4 3. Qc2 d5 4. a3 Bxc3 5. Qxc3 Nf6 6. Nf3 O-O 7. b4 b6 8. Bb2 dxc4 9. e3 Bb7 10.
Bxc4 Nbd7 11. O-O Qe7 12. d3 a6 13. e4 c5 14.
bxc5 Nxc5 15. a4 Rac8 16. Qb4 Qd8 17. Bd4 a5 18. Qb2 Bc6 19. Rfb1 Nxa4 20. Qb3 b5 21. Bxb5 Bxb5 22. Qxb5 Nc3 23.
Bxc3 Rxc3 24. Rd1 h6 25. h3 Rc2 26. Re1 Qc7 27. Qxa5 Qxa5 28. Rxa5 Nd7 29. d4 Rb8 30. Ra7 Nf6 31. Ne5 Rbb2 32. Nd3 Rb3 33.
Ne5 Rbb2 34. Rf1 Nxe4 35. Rxf7 Ng3 36. Rd1 Nf5 37. Rf1 Re2 38. Rc7 Ne3 39. Nd3 Rbd2 40. Nf4 Nxf1 41. Nxe2 Ne3 42.
fxe3 Rxe2 43. Rc3 Kf7 44. Kf1 Rd2 45. Rc1 Kf6 46. Rc5 g6 47. Re5 h5 48. h4 Ra2 49. Kg1 Rb2 50. Kh2 Ra2 51.
Kg3 Ra1 52. Rb5 Re1 53. Kf2 Rh1 54. g3 Rd1 55. Kf3 Rf1+ 56. Ke4 Rg1 57. Rg5 Ra1 58. Rc5 Rg1 59. Kf3 Rd1 60. Rc8 Rg1 61.
Ra8 Rb1 62. Ke4 Rg1 63. Rf8+ Ke7 64. Rf3 Rg2 65. Kf4 Kf6 66. e4 Re2 67. e5+ Kg7 68. Ra3 Rf2+ 69. Ke3 Rf7 70. Ra6 Re7 71. Ke4 Kf7 72. Ra2 Rb7 73.
Rf2+ Kg7 74. Rf6 Re7 75. Kf4 Kh6 76. Kf3 Rd7 77. Ke4 Re7 78. Kd3 Kg7 79. Kc4 Re8 80. Kd3 Re7 81. Ke4 Re8 82. Rf1 Re7 83. Rc1 g5 84. hxg5 Kg6 85. Rc8 Kxg5 86.
Rg8+ Kh6 87. d5 exd5+ 88. Kxd5 Kh7 89. Rg5 Kh6 90.
Rg8 Kh7 91. Rc8 Kg6 92. Kd6 Kf7 93. Rh8 Re6+ 94. Kd5 Rg6 95. Rxh5 Rxg3 96. Rh7+ Kf8 97. Kd6 Re3 98. Ke6 Ra3 99. Rh8+ Kg7 100. Rd8 Ra5 101. Kd6 Ra2 102. e6 Ra6+ 103. Ke7 Rb6 104. Rd7 Rb8 105. Ra7 Kg6 106. Kd7 Kf6 107. e7 Kf7 108. Ra1 Rb7+ 109. Kd8 Rb8+ 110. Kd7 Rb7+ 111. Kd8 Rb8+ 112. Kc7 Re8 113. Kd6 Rxe7 114. Rf1+ 1/2-1/2

[Event "Deloitte NK 2021"]
[Site "Hoogeveen, Netherlands"]
[Date "2021.10.20"]
[Round "7.2"]
[White "Zwirs, Nico"]
[Black "Ernst, Sipke"]
[Result "1-0"]
[TimeControl "90min/40moves + 30min + 30sec/move"]
[WhiteElo "2439"]
[BlackElo "2534"]

1. e4 e6 2. d4 d5 3.
Nc3 Bb4 4. exd5 exd5 5. Bd3 Nf6 6.
a3 Be7 7. Bf4 O-O 8. Nf3 c5 9. dxc5 Bxc5 10. O-O Bg4 11. h3 Bh5 12. Bg5 Nc6 13. Bxf6 Qxf6 14. Nxd5 Qh6 15. g4 Bg6 16.
Kg2 Rad8 17. g5 Bxd3 18. gxh6 Be4 19. hxg7 Kxg7 20. Re1 Bxd5 21. c4 Be6 22. Qc1 Rg8 23. Rxe6 fxe6 24. Kh1 Rdf8 25.
Qc3+ Kh6 26. Rg1 Rxg1+ 27. Kxg1 Rf5 28. b4 Be7 29. Qe3+ Kg7 30.
Nd4 Re5 31. Qg3+ Kf6 32. Nxc6 bxc6 33.
Qf3+ Rf5 34. Qxc6 a5 35.
c5 axb4 36. axb4 Rf4 37. Qb6 Rc4 38. Qb5 Rc3 39. Kg2 h5 40. Qe2 h4 41. Qb2 1-0

[Event "Deloitte NK 2021"]
[Site "Hoogeveen, Netherlands"]
[Date "2021.10.20"]
[Round "7.3"]
[White "Van den Doel, Erik"]
[Black "Ten Hertog, Hugo"]
[Result "0-1"]
[TimeControl "90min/40moves + 30min + 30sec/move"]
[WhiteElo "2601"]
[BlackElo "2519"]

1. d4 Nf6 2. Nf3 g6 3. Bg5 Bg7 4. Nbd2 O-O 5. c3 d6 6. e4 Nc6 7. Bd3 h6 8. Bh4 Nh5 9. O-O Nf4 10.
Bc2 g5 11. Bg3 e5 12. dxe5 dxe5 13. Nc4 Qf6 14. Ne3 Ne7 15. Re1 c6 16. Bxf4 gxf4 17. Nf5 Nxf5 18. exf5 Bxf5 19. Nxe5 Rad8 20.
Qb1 Be6 21. Bb3 Bf5 22. Bc2 Rfe8 23. Nf3 Rxe1+ 24. Nxe1 Bg4 25. Bh7+ Kh8 26. Qe4 Rd2 27. Nd3 Re2 28. Qxf4 Qxf4 29.
Nxf4 Rxb2 30. Be4 Bxc3 31. h3 Rb4 32. Rc1 Bd2 33. Nd3 Rxe4 34. Rc2 Rd4 35. Ne5 Bf5 36. Rb2 Bf4 37. Nxf7+ Kg7 0-1